 Dungeon Crawl Stone Soup version 0.19.0-11-g3fc08b3 (webtiles) character file.

3702 iverson the Grappler (level 9, -11/127 HPs)
             Began as a Troll Berserker on Nov 9, 2016.
             Was a High Priest of Trog.
             Mangled by an eight-headed hydra (14 damage)
             ... on level 1 of the Lair of Beasts.
             The game lasted 00:35:25 (6701 turns).

iverson the Grappler (Troll Berserker)              Turns: 6701, Time: 00:35:26

Health: -11/127    AC:  7    Str: 33    XL:     9   Next: 91%
Magic:  8/8        EV: 12    Int:  4    God:    Trog [*****.]
Gold:   446        SH:  0    Dex: 10    Spells: 0 memorised, 8 levels left

rFire  . . .     SeeInvis .       - Unarmed
rCold  . . .     Gourm    +     a - +0 animal skin
rNeg   . . .     Faith    .     (no shield)
rPois  .         Spirit   .     (helmet restricted)
rElec  .         Reflect  .     B - +1 cloak
rCorr  .         Harm     .     (gloves unavailable)
MR     +....                    (boots unavailable)
Stlth  ..........               (no amulet)
                                E - ring of protection from magic
                                f - ring of stealth

@: berserking, lethally poisoned (-11 -> -11), very quick
A: unfitting armour, claws 3, fast metabolism 3, gourmand, regeneration 1,
shaggy fur 1, tough skin 2
a: Berserk, Trog's Hand, Brothers in Arms, Burn Spellbooks, Renounce Religion


You were on level 1 of the Lair of Beasts.
You worshipped Trog.
Trog was extremely pleased with you.
You were near starving.

You visited 3 branches of the dungeon, and saw 14 of its levels.

You collected 531 gold pieces.
You spent 85 gold pieces at shops.

Inventory:

Armour
 a - a +0 animal skin (worn)
 B - a +1 cloak (worn)
Jewellery
 f - a ring of stealth (left claw)
 E - a ring of protection from magic (right claw)
Wands
 q - a wand of flame (31/48)
 v - a wand of flame (19/48)
 y - a wand of lightning (10/15)
Scrolls
 c - 9 scrolls of remove curse
 d - 2 scrolls of amnesia {unknown}
 e - 3 scrolls of identify
 g - a scroll of random uselessness {unknown}
 i - 2 scrolls of enchant armour {unknown}
 j - 2 scrolls of enchant weapon {unknown}
 l - 4 scrolls of teleportation {unknown}
 n - 4 scrolls of recharging {unknown}
 o - 2 scrolls of fog {unknown}
 D - a scroll of blinking {unknown}
Potions
 h - 3 potions of degeneration
 k - 2 potions of might
 p - 2 potions of flight
 r - 7 potions of brilliance
 s - 2 potions of haste
 t - a potion of ambrosia {unknown}
 u - 3 potions of curing
 w - a potion of berserk rage
 x - a potion of cure mutation {unknown}
Comestibles
 b - 4 bread rations
 m - 4 beef jerkies
 z - 2 meat rations


   Skills:
 + Level 4.3 Fighting
 + Level 5.4 Dodging
 + Level 3.4 Stealth
 + Level 11.1 Unarmed Combat


You had 8 spell levels left.
You didn't know any spells.

Dungeon Overview and Level Annotations

Branches:
Dungeon (11/15)            Temple (1/1) D:7            Lair (2/6) D:9
  Swamp: Lair:2-4    Shoals: Lair:2-4     Snake: Lair:2-4    Spider: Lair:2-4
    Orc: D:9-12

Altars:
Ashenzari
Cheibriados
Dithmenos
Elyvilon
Fedhas
Gozag
Hepliaklqana
Kikubaaqudgha
Makhleb
Nemelex Xobeh
Okawaru
Qazlal
Sif Muna
Trog
Uskayaw
Vehumet
Xom
Yredelemnul
Zin
The Shining One

Shops:
D:4 [*


Innate Abilities, Weirdness & Mutations

You are too large for most types of armour.
You have claws for hands.
Your metabolism is lightning-fast.
You like to eat raw meat.
Your natural rate of healing is unusually fast.
You are covered in fur. (AC +1)
You have very tough skin. (AC +2)


Message History

The eight-headed hydra bites you.
* * * LOW HITPOINT WARNING * * *
The eight-headed hydra bites you!
* * * LOW HITPOINT WARNING * * *
The eight-headed hydra bites you.
* * * LOW HITPOINT WARNING * * *
The eight-headed hydra bites you but does no damage. x2
The eight-headed hydra closely misses you.
The water moccasin bites you but does no damage.
You mangle the water moccasin!!
You kill the water moccasin!
Trog accepts your kill. The bullfrog barely misses you.
You start eating one of the 2 meat rations.
You feel sick. The bullfrog hits you!
Keep eating?
You stop eating.
* * * LOW HITPOINT WARNING * * *
The eight-headed hydra bites you!
You die...

#...........
##..............# ...
#................ ...#
#..#............. ....#
##................ .....
#..#..............
.....##..##.............
.........###............
.......@.####...........
#.....F.DP# ##..........
##.......## ##.........
#........# ####......
##.......# #..##..
#.......# #######
#.......# # ##..!...#
#......#


You could see an eight-headed hydra and a bullfrog.

Vanquished Creatures
  A two-headed ogre (D:11)
  A hippogriff (D:8)
  A wyvern (D:10)
  Eustachio (D:5)
  Duvessa (D:5)
  A water moccasin (Lair:1)
  A black bear (D:6)
  2 orc warriors
  An ice beast (D:7)
  A sky beast (D:7)
  5 centaurs
  A crocodile (Lair:1)
  Dowan (D:5)
  5 bullfrogs
  A scorpion (D:6)
  2 howler monkeys
  5 crimson imps
  2 centaur zombies
  2 centaur skeletons
  4 jellies
  3 orc priests
  2 bullfrog skeletons
  5 hounds
  4 orc wizards
  Natasha (thrice) (D:3)
  2 iguanas
  4 worker ants
  A hound skeleton (D:4)
  A worker ant zombie (D:9)
  Robin (D:3)
  A howler monkey zombie (D:5)
  10 adders
  2 gnolls (D:3)
  2 shadow imps
  An ooze (D:4)
  2 adder skeletons
  A worm (D:3)
  4 dart slugs
  5 leopard geckos
  32 orcs
  4 giant cockroaches
  16 goblins
  7 hobgoblins
  14 jackals
  5 quokkas
  2 ball pythons
  11 bats
  4 frilled lizards
  7 kobolds
  2 quokka skeletons (D:5)
  5 rats
202 creatures vanquished.

Notes
Turn   | Place    | Note
-------+----------+-------------------------------------------
     0 | D:1      | iverson the Troll Berserker began the quest for the Orb.
     0 | D:1      | Reached XP level 1. HP: 22/22 MP: 0/0
   123 | D:1      | Reached XP level 2. HP: 25/29 MP: 1/1
   326 | D:2      | Reached ** piety under Trog
   345 | D:1      | Reached XP level 3. HP: 36/36 MP: 2/2
   945 | D:3      | Noticed Natasha
   964 | D:3      | Killed Natasha
   964 | D:3      | Reached XP level 4. HP: 22/44 MP: 3/3
   997 | D:3      | Noticed Natasha
  1003 | D:3      | Killed Natasha
  1003 | D:3      | Reached skill level 4 in Unarmed Combat
  1135 | D:3      | Reached *** piety under Trog
  1135 | D:3      | Reached XP level 5. HP: 49/53 MP: 4/4
  1226 | D:3      | Noticed Robin
  1246 | D:3      | Killed Robin
  1324 | D:3      | Found an iron altar of Okawaru.
  1378 | D:3      | Noticed Natasha
  1407 | D:3      | Killed Natasha
  1549 | D:4      | Found Cerrudghe's Antique Armour Boutique.
  1557 | D:4      | Reached skill level 5 in Unarmed Combat
  1561 | D:4      | Bought a cloak for 85 gold pieces
  1603 | D:4      | Reached XP level 6. HP: 57/61 MP: 5/5
  1627 | D:5      | Entered Level 5 of the Dungeon
  2017 | D:4      | Found a shadowy altar of Dithmenos.
  2226 | D:4      | Found Zin's Purification Station.
  2229 | D:4      | Found a glowing silver altar of Zin.
  2295 | D:4      | Reached skill level 6 in Unarmed Combat
  2432 | D:4      | Found a hazy altar of Hepliaklqana.
  2543 | D:5      | Noticed Dowan
  2547 | D:5      | Noticed Duvessa
  2559 | D:5      | Killed Duvessa
  2559 | D:5      | Reached XP level 7. HP: 67/67 MP: 6/6
  2561 | D:5      | Reached **** piety under Trog
  2567 | D:5      | Killed Dowan
  2567 | D:5      | Reached skill level 1 in Stealth
  2597 | D:5      | Noticed Eustachio
  2631 | D:5      | Killed Eustachio
  2631 | D:5      | Reached skill level 7 in Unarmed Combat
  2735 | D:5      | Reached XP level 8. HP: 68/75 MP: 7/7
  3074 | D:5      | Found an ancient bone altar of Kikubaaqudgha.
  3074 | D:5      | Found a glowing golden altar of the Shining One.
  3079 | D:5      | Found a faded altar of an unknown god.
  3081 | D:5      | Found a faded altar of an unknown god.
  3082 | D:5      | Found a sparkling altar of Nemelex Xobeh.
  3247 | D:5      | Reached skill level 8 in Unarmed Combat
  3905 | D:6      | Reached ***** piety under Trog
  4004 | D:6      | Reached skill level 9 in Unarmed Combat
  4580 | D:7      | Reached XP level 9. HP: 84/84 MP: 8/8
  4612 | D:7      | Found a staircase to the Ecumenical Temple.
  4619 | Temple   | Entered the Ecumenical Temple
  5232 | D:8      | Reached skill level 10 in Unarmed Combat
  5247 | D:8      | Reached skill level 5 in Dodging
  5587 | D:8      | Found a stormy altar of Qazlal.
  5606 | D:8      | Found a blossoming altar of Fedhas.
  5669 | D:10     | Entered Level 10 of the Dungeon
  6208 | D:9      | Received a gift from Trog
  6280 | D:9      | Found a staircase to the Lair.
  6285 | Lair:1   | Entered Level 1 of the Lair of Beasts
  6429 | Lair:1   | Reached skill level 11 in Unarmed Combat
  6680 | Lair:1   | Noticed an eight-headed hydra
  6701 | Lair:1   | HP: 3/127 [bullfrog (8)]
  6701 | Lair:1   | Mangled by an eight-headed hydra

Skill      XL: |  1  2  3  4  5  6  7  8  9 |
---------------+----------------------------+-----
Dodging        | 3 4 5 |  5.4
Unarmed Combat | 4 5 6 7 9 11 | 11.1
Fighting       | 3 4 |  4.3
Stealth        | 1 2 3 |  3.4

Action                   |  1- 3 |  4- 6 |  7- 9 || total
-------------------------+-------+-------+-------++-------
Melee: Unarmed           |   112 |   161 |   332 ||   605
       Punch             |     1 |     1 |     7 ||     9
Invok: Berserk           |       |     2 |     2 ||     4
       Burn Spellbooks   |       |       |     1 ||     1
  Use: Scroll            |       |       |    10 ||    10
 Stab: Sleeping          |       |     2 |    14 ||    16
  Eat: Chunk             |     3 |    15 |    36 ||    54
       Bread ration      |     1 |       |       ||     1
       Fruit             |     1 |       |       ||     1
       Royal jelly       |       |       |     1 ||     1
Armor: Animal skin       |    69 |    40 |    81 ||   190
Dodge: Dodged            |    86 |    83 |   167 ||   336
